 Dungeon Crawl Stone Soup version 0.18-a0-987-g0b0e4e7 (webtiles) character file.

919 Duffy the Destroyer (level 7, -3/36 HPs)
             Began as a Deep Elf Conjurer on Jan 3, 2016.
             Shot with an arrow by a centaur (4 damage)
             ... on level 6 of the Dungeon.
             The game lasted 00:06:06 (5675 turns).

Duffy the Destroyer (Deep Elf Conjurer)             Turns: 5675, Time: 00:06:06

Health: -3/36      AC:  4    Str:  5    XL:     7   Next: 83%
Magic:  14/20      EV: 13    Int: 22    God:
Gold:   150        SH:  0    Dex: 20    Spells: 5 memorised, 5 levels left

rFire  . . .     SeeInvis .     v - +0 blowgun
rCold  . . .     Gourm    .     a - +0 robe
rNeg   . . .     Faith    .     (no shield)
rPois  .         Spirit   .     t - +0 helmet
rElec  .         Dismiss  .     B - +0 cloak
rCorr  +         Reflect  .     (no gloves)
SustAt .         Harm     .     (no boots)
MR     .....                    r - amulet of resist corrosion
Stlth  ++........               A - ring of wizardry
                                q - +5 ring of dexterity

@: not resistant to hostile enchantments, unstealthy
A: no striking features
a: no special abilities


You were on level 6 of the Dungeon.
You were not hungry.

You visited 1 branch of the dungeon, and saw 6 of its levels.

You collected 150 gold pieces.


   Skills:
 - Level 2.4 Dodging
 - Level 2.4 Stealth
 + Level 7.6 Spellcasting
 * Level 8.0 Conjurations
 - Level 3.5 Hexes
 + Level 3.3 Charms


You had 5 spell levels left.
You knew the following spells:

 Your Spells              Type           Power        Failure   Level  Hunger
a - Magic Dart            Conj           ####         1%          1    None
c - Iskenderun's Mystic   Conj           #####...     1%          4    ###....
j - Fulminant Prism       Conj/Hex       ####......   4%          4    ###....
l - Iskenderun's Battles  Conj/Chrm      ####....     9%          5    #####..
s - Searing Ray           Conj           #####.       1%          2    None

Inventory:

Hand Weapons
 v - a +0 blowgun (weapon)
 C - the +6 mace of Purpose {flame, rF+ rN+}

   It has been specially enchanted to burn those struck by it, causing extra
   injury to most foes and up to half again as much damage against particularly
   susceptible opponents.
   It protects you from fire.
   It protects you from negative energy.
Missiles
 e - 56 poisoned needles (quivered)
Armour
 a - a +0 robe (worn)
 t - a +0 helmet (worn)
 B - a +0 cloak (worn)
Jewellery
 q - a +5 ring of dexterity (left hand)
 r - an amulet of resist corrosion (around neck)
 A - a ring of wizardry (right hand)
Scrolls
 f - 3 scrolls of amnesia {unknown}
 h - 3 scrolls of remove curse {unknown}
 i - 2 scrolls of teleportation {unknown}
 m - a scroll of recharging {unknown}
 n - 3 scrolls of noise {unknown}
 w - 3 scrolls of identify {unknown}
 x - a scroll of blinking {unknown}
 y - 2 scrolls of enchant armour {unknown}
 E - a scroll of fear {unknown}
Potions
 d - a potion of heal wounds {unknown}
 g - 3 potions of invisibility {unknown}
 k - a potion of cure mutation {unknown}
 l - a potion of haste {unknown}
 p - 4 potions of mutation {unknown}
 s - a potion of might {unknown}
 u - a potion of flight {unknown}
 z - a potion of beneficial mutation {unknown}
 D - 2 potions of curing {unknown}
Books
 b - a book of Conjurations
Comestibles
 c - 5 bread rations
 j - 2 beef jerkies
 o - a meat ration
 F - 5 chunks of flesh

Dungeon Overview and Level Annotations

Branches:
Dungeon (6/15)
 Temple: D:4-7

Altars:
Cheibriados
Dithmenos
Elyvilon
Gozag
Kikubaaqudgha
Nemelex Xobeh
Okawaru
Qazlal
Sif Muna
Xom


Message History

The magic dart hits the centaur.
The centaur is lightly wounded.
The centaur wields a shortbow.
The centaur shoots an arrow.
The arrow hits you!
Cast which spell? (? or * to list)
Aiming: Magic Dart
Press: ? - help, Shift-Dir - straight line, f/p - centaur
Aim: a centaur, wielding a shortbow (moderately wounded)
The magic dart hits the centaur.
The centaur is heavily wounded.
The centaur shoots an arrow.
The arrow hits you but does no damage.
Cast which spell? (? or * to list)
Aiming: Magic Dart
Press: ? - help, Shift-Dir - straight line, f/p - centaur
Aim: a centaur, wielding a shortbow (heavily wounded)
The magic dart hits the centaur.
The centaur is severely wounded.
The centaur shoots an arrow.
The arrow misses you.
The centaur shoots an arrow.
The arrow hits you!
Cast which spell? (? or * to list)
Aiming: Magic Dart
Press: ? - help, Shift-Dir - straight line, f/p - centaur
Aim: a centaur, wielding a shortbow (severely wounded)
The magic dart hits the centaur.
The centaur is almost dead.
The centaur shoots an arrow.
The arrow hits you.
The centaur shoots an arrow.
The arrow hits you!
Cast which spell? (? or * to list)
Aiming: Magic Dart
Press: ? - help, Shift-Dir - straight line, f/p - centaur
Aim: a centaur, wielding a shortbow (almost dead)
The magic dart hits the centaur.
You kill the centaur!
Your Conjurations skill increases to level 8!
The centaur shoots an arrow.
The arrow hits you.
You die...

...~~~~~#
..)c~~~~# #.
~~~~~~~~# #..
~~~~~~~~#
##..
~~~~~~~~##..#
~~~~~~~~#..#
~~~~~~~~..#
#@.# ##.##
#..# ##.#
#.## #..#
##.# #.##
##.#


You could see a centaur.

Action                   |  1- 3 |  4- 6 |  7- 9 || total
-------------------------+-------+-------+-------++-------
 Fire: Blowgun           |       |     3 |     3 ||     6
 Cast: Magic Dart        |    69 |   121 |    51 ||   241
       Searing Ray       |     2 |     7 |     4 ||    13
       Fulminant Prism   |       |     1 |     1 ||     2
 Stab: Sleeping          |       |     1 |       ||     1
  Eat: Chunk             |     2 |     9 |     3 ||    14

Notes
Turn   | Place    | Note
--------------------------------------------------------------
     0 | D:1      | Duffy the Deep Elf Conjurer began the quest for the Orb.
     0 | D:1      | Reached XP level 1. HP: 10/10 MP: 6/6
   246 | D:1      | Reached XP level 2. HP: 15/15 MP: 5/8
   292 | D:1      | Learned a level 2 spell: Searing Ray
   569 | D:1      | Reached skill level 4 in Spellcasting
   863 | D:1      | Reached XP level 3. HP: 19/19 MP: 8/10
  1099 | D:2      | Found a white marble altar of Elyvilon.
  1146 | D:2      | Found an iron altar of Okawaru.
  1193 | D:2      | Reached skill level 5 in Conjurations
  1284 | D:2      | Found a stormy altar of Qazlal.
  1552 | D:2      | Reached XP level 4. HP: 24/24 MP: 8/12
  1615 | D:2      | Reached skill level 5 in Spellcasting
  1966 | D:2      | Found an ancient bone altar of Kikubaaqudgha.
  2290 | D:3      | Reached XP level 5. HP: 28/28 MP: 8/15
  2676 | D:3      | Reached skill level 6 in Conjurations
  2708 | D:3      | Noticed Sigmund
  2717 | D:3      | Killed Sigmund
  2717 | D:3      | Reached skill level 6 in Spellcasting
  2717 | D:3      | Reached XP level 6. HP: 28/32 MP: 10/17
  2968 | D:3      | Found a sparkling altar of Nemelex Xobeh.
  3174 | D:3      | Learned a level 4 spell: Iskenderun's Mystic Blast
  3180 | D:3      | Learned a level 5 spell: Iskenderun's Battlesphere
  3185 | D:3      | Learned a level 4 spell: Fulminant Prism
  3264 | D:4      | Reached skill level 7 in Spellcasting
  4121 | D:4      | Found an opulent altar of Gozag.
  4251 | D:5      | Entered Level 5 of the Dungeon
  4261 | D:5      | Reached skill level 7 in Conjurations
  4261 | D:5      | Reached skill level 1 in Charms
  4489 | D:5      | Reached skill level 1 in Hexes
  4507 | D:5      | Found a shimmering altar of Xom.
  4508 | D:5      | Found a shimmering altar of Xom.
  4509 | D:5      | Found a shimmering altar of Xom.
  4510 | D:5      | Noticed a sky beast
  4568 | D:5      | Got an encrusted mace
  4569 | D:5      | Identified the +6 mace of Purpose {flame, rF+ rN+} (You found it on level 5 of the Dungeon)
  4643 | D:5      | Killed a sky beast
  4643 | D:5      | Reached skill level 2 in Charms
  4643 | D:5      | Reached XP level 7. HP: 25/36 MP: 11/19
  4787 | D:5      | Reached skill level 2 in Hexes
  5042 | D:5      | Reached skill level 3 in Hexes
  5227 | D:5      | Found a snail-covered altar of Cheibriados.
  5228 | D:5      | Found a shadowy altar of Dithmenos.
  5228 | D:5      | Found a shimmering altar of Xom.
  5230 | D:5      | Found a deep blue altar of Sif Muna.
  5561 | D:6      | Reached skill level 3 in Charms
  5675 | D:6      | Reached skill level 8 in Conjurations
  5675 | D:6      | Shot with an arrow by a centaur

Vault maps used:
D:1:      denvon_arrival_planthouse, minmay_misc_feat_room, lemuel_flame_loot_1
D:2:      grunt_qazlal_clouds, overflow_temple_1_default,
          nicolae_overflow_crystal_walls, okawaru_ov_weapons_minmay, first_bread
D:3:      nemelex_deck, uniq_sigmund
D:4:      kennysheep_little_box, kennysheep_cross_room
D:5:      grunt_temple_overflow_open, small_statue_intersection,
          minmay_splitting_lines, xom_redecorated
D:6:      nicolae_whirlpool

Vanquished Creatures
  Sigmund
  A sky beast
  A centaur
  An ogre
  A gnoll sergeant
  A crimson imp
  An orc priest
  An orc wizard
  2 worker ants
  A worker ant zombie
  12 gnolls
  9 adders
  A worm
  A giant gecko
  10 orcs
  A ball python
  8 bats
  6 giant cockroaches
  18 goblins
  7 hobgoblins
  5 jackals
  10 kobolds
  3 quokkas
  2 giant gecko skeletons
  A giant newt
  12 rats
  2 fulminant prisms
119 creatures vanquished.
